 Dungeon Crawl Stone Soup version 0.25-a0-510-ge065f6de7d (webtiles) character file.

Game seed: 8735759992416314981, levelgen mode: deterministic

91196 Flugslaktarn the Severer (level 15, -10/154 HPs)
             Began as a Deep Dwarf Fighter on Feb 15, 2020.
             Was the Champion of Makhleb.
             Killed from afar by a rime drake (14 damage)
             ... with a flash freeze
             ... on level 4 of the Swamp.
             The game lasted 00:14:52 (14598 turns).

Flugslaktarn the Severer (Deep Dwarf Fighter)      Turns: 14598, Time: 00:14:53

Health: -10/154    AC: 21    Str: 25    XL:     15   Next: 54%
Magic:  9/15       EV:  8    Int:  8    God:    Makhleb [******]
Gold:   793        SH: 13    Dex: 11    Spells: 14/14 levels left

rFire    . . .     SeeInvis .   H - +8 broad axe (freeze)
rCold    + + .     Gourm    .   c - +0 kite shield
rNeg     + + .     Faith    .   S - +2 chain mail {rF+}
rPois    +         Spirit   .   (no helmet)
rElec    .         Reflect  .   C - +2 ratskin cloak {+Rats rPois rN+ Str-1 Int-1 Dex+1}
rCorr    .         Harm     .   j - +2 pair of gloves
MR       ++...                  (no boots)
Stlth    ..........             (no amulet)
HPRegen  0.00/turn              o - ring of poison resistance
MPRegen  0.14/turn              f - ring of ice

@: non-regenerating
A: damage resistance, heal wounds, clumsy 1, cold resistance 1, negative energy
resistance 1, sense surroundings 2, robust 1, MP-powered wands, no regeneration
a: Heal Wounds, Minor Destruction, Lesser Servant of Makhleb, Major Destruction,
Greater Servant of Makhleb, Renounce Religion, Evoke Ratskin


You were on level 4 of the Swamp.
You worshipped Makhleb.
Makhleb was exalted by your worship.
You were hungry.

You visited 4 branches of the dungeon, and saw 22 of its levels.

You collected 1809 gold pieces.
You spent 1016 gold pieces at shops.

Inventory:

Hand Weapons
 D - a +2 war axe of electrocution
   (You found it on level 4 of the Dungeon)
 H - a +8 broad axe of freezing (weapon)
   (You took it off Maggie on level 7 of the Dungeon)
 J - a +0 war axe of distortion
   (You found it on level 7 of the Dungeon)
Missiles
 a - a throwing net (quivered)
Armour
 c - a +0 kite shield (worn)
 j - a +2 pair of gloves (worn)
   (You found it on level 2 of the Dungeon)
 y - a scarf of cloud immunity
   (You found it on level 8 of the Dungeon)
 C - the +2 ratskin cloak (worn) {+Rats rPois rN+ Str-1 Int-1 Dex+1}
   (You found it on level 5 of the Dungeon)

   It affects your strength (-1).
   It affects your intelligence (-1).
   It affects your dexterity (+1).
   It protects you from poison.
   It protects you from negative energy.
   If you remove this armour, your AC will decrease by 3 (21 -> 18).
 I - +0 swamp dragon scales
   (You took it off Maggie on level 7 of the Dungeon)
 S - a +2 chain mail of fire resistance (worn)
   (You took it off Urug on level 2 of the Orcish Mines)
Jewellery
 f - a ring of ice (right hand)
   (You found it on level 4 of the Dungeon)
 g - an uncursed ring of flight
   (You found it on level 1 of the Dungeon)
 i - an uncursed ring of magical power
   (You found it on level 7 of the Dungeon)
 m - an uncursed ring of fire
   (You found it on level 3 of the Dungeon)
 o - a ring of poison resistance (left hand)
   (You took it off an orc on level 12 of the Dungeon)
 P - an uncursed ring of fire
   (You found it on level 11 of the Dungeon)
Wands
 v - a wand of digging (8)
   (You found it on level 9 of the Dungeon)
 G - a wand of paralysis (7)
   (You found it on level 4 of the Lair of Beasts)
 L - a wand of enslavement (7)
   (You took it off a crimson imp on level 8 of the Dungeon)
 N - a wand of acid (6)
   (You found it on level 10 of the Dungeon)
Scrolls
 b - a scroll of summoning
 l - 7 scrolls of magic mapping
 r - 10 scrolls of identify
 s - 17 scrolls of remove curse
 t - 15 scrolls of teleportation
 u - 2 scrolls of immolation
 x - 2 scrolls of amnesia
 z - a scroll of blinking
 A - 2 scrolls of enchant armour
 K - 2 scrolls of holy word
 R - a scroll of fear
Potions
 d - 6 potions of might
 h - 2 potions of haste
 k - a potion of brilliance
 n - 3 potions of magic
 p - a potion of berserk rage
 q - 9 potions of curing
 w - 6 potions of heal wounds
 B - 4 potions of flight
 E - 5 potions of lignification
 M - 2 potions of invisibility
 O - 3 potions of ambrosia
Miscellaneous
 Q - a lamp of fire
   (You found it on level 12 of the Dungeon)
Comestibles
 e - 33 rations


   Skills:
 + Level 10.5 Fighting
 * Level 17.8 Axes
 + Level 12.2 Armour
 + Level 12.3 Shields
 + Level 13.5 Invocations
 - Level 5.0 Evocations


You had 14 spell levels left.
You didn't know any spells.
Your spell library was empty.

Dungeon Overview and Level Annotations

Branches:
Dungeon (12/15)            Temple (0/1) D:4            Lair (4/6) D:11
  Swamp (4/4) Lair:4       Spider (0/4) Lair:3          Orc (2/2) D:12
    Elf (0/3) Orc:2

Altars:
Ashenzari
Hepliaklqana
Kikubaaqudgha
Makhleb
Sif Muna
Trog
Vehumet
Wu Jian
Xom
Yredelemnul
The Shining One
Beogh

Shops:
D:5 ?   D:8 *   D:9 (}!}(   D:10 (   D:11 =   Orc:2 (?(!


Innate Abilities, Weirdness & Mutations

You are resistant to damage.
You can heal yourself by infusing magical energy.
You resist negative energy. (rN+)
You passively map the area around you.
You do not regenerate.
You are clumsy. (Dex -2)
Your flesh is cold resistant. (rC+)
You are robust. (+10% HP)
You expend magic power (3 MP) to strengthen your wands.


Message History

* * * LOW HITPOINT WARNING * * *
The seven-headed hydra bites you but does no damage.
You block the rime drake's attack.
Unknown command.
You lop one of the seven-headed hydra's heads off!
The six-headed hydra grows two more!
You slice the eight-headed hydra!! You freeze the eight-headed hydra.
You kill the eight-headed hydra!
Makhleb accepts your kill.
You hit the rime drake. You freeze the rime drake.
You block the rime drake's attack.
Your chain mail prevents you from hitting the rime drake.
The rime drake is moderately wounded.
The rime drake barely misses you.
You hit the rime drake. You freeze the rime drake.
The rime drake is moderately wounded.
The ice encasing you melts away. The rime drake breathes ice at you.
The flash freeze hits you!! You partially resist.
You die...

*, .≈♣♣* ♣♣§..≈≈≈≈≈.≈.... *
*♣≈≈♣* ♣♣♣≈§≈≈≈≈≈≈..≈[.. ≈
≈ ♣≈§.♣♣♣..≈≈≈≈≈≈≈≈≈≈≈[≈.
≈♣♣♣♣.≈≈≈.≈.≈≈≈≈..≈≈.♣≈≈.≈†
≈≈≈.≈.≈≈≈<≈÷≈≈..♣♣♣♣♣♣≈^≈..
..§≈≈..♣♣♣.≈≈..≈§≈♣ ♣♣♣≈!.
≈ ≈
♣.≈≈≈.§≈≈.≈≈≈)≈≈≈.♣♣.♣*♣♣≈♣
≈ ≈ * ♣.≈≈§≈≈≈.≈k§≈§≈.≈...≈
♣♣. *
♣≈...≈§†.@.†♣♣♣♣...≈≈, , .
,* ♣≈≈≈≈♣♣♣♣♣♣♣♣ ♣.≈.. *..
♣≈≈≈ * ≈*#♣ .# ♣.≈,* * .♣
** *♣. * *, , , ♣≈ ** * ,,
, ≈*. ≈, ** , ≈ , ≈ * * ≈
≈, ≈ ** ≈ ≈≈ ≈ ≈, ≈ ≈


You could see a rime drake.

Vanquished Creatures
  Jorgrun (Swamp:2)
  2 thorn hunters
  Kirke (Swamp:2)
  Roxanne (Swamp:2)
  Josephine (D:12)
  An ice dragon (Swamp:4)
  Harold (D:10)
  8 hydras
  3 shambling mangroves
  6 alligators
  3 two-headed ogres (D:11)
  The ghost of Error4North the Blocker, a novice HOFi of Okawaru (D:8)
  An orc high priest (Orc:1)
  Urug (Orc:2)
  A skeletal warrior (D:11)
  11 swamp dragons
  7 orc knights
  2 orc sorcerers (Orc:1)
  An ugly thing (D:11)
  A cyclops (D:11)
  An elephant (D:11)
  2 centaur zombies (D:12)
  3 gargoyles (D:11)
  9 spiny frogs
  Maggie (D:7)
  2 kobold demonologists (D:12)
  A rime drake (Swamp:4)
  A centaur skeleton (D:10)
  4 komodo dragons
  A polar bear (Lair:2)
  7 tyrant leeches
  7 trolls
  Grinder (D:4)
  7 hornets
  18 blink frogs
  7 bog bodies
  7 slime creatures
  9 hippogriffs
  A redback (Lair:3)
  4 spriggans
  2 shadows
  26 yaks
  3 fire bats (Lair:1)
  Eustachio (D:4)
  6 hogs (Swamp:2)
  2 wyverns
  6 wraiths
  14 vampire mosquitoes
  3 basilisks
  A steam dragon (D:8)
  A human (D:9)
  2 hungry ghosts
  Menkaure (D:4)
  4 insubstantial wisps (Swamp:2)
  4 wargs (Orc:2)
  Edmund (D:4)
  5 swamp worms
  6 porcupines
  3 water moccasins
  3 ice beasts
  11 swamp drakes
  38 orc warriors
  2 sky beasts
  A black bear (Lair:4)
  4 ogres
  5 wolves (Lair:1)
  6 centaurs
  6 crocodiles
  3 big kobolds
  Blork the orc (D:4)
  17 bullfrogs
  2 scorpions
  7 killer bees (D:10)
  15 wights
  A howler monkey (D:6)
  8 crimson imps
  A quasit (D:9)
  5 jellies
  12 orc priests
  13 hounds
  28 orc wizards
  2 bullfrog skeletons
  8 worker ants
  An iguana (D:4)
  A hell rat (D:5)
  15 adders
  4 gnolls (D:9)
  6 river rats (D:5)
  4 shadow imps
  An ooze (D:4)
  An adder zombie (D:5)
  2 worms
  An adder skeleton (D:4)
  A dart slug (D:1)
  7 leopard geckos
  93 orcs
  5 giant cockroaches
  5 goblins
  5 hobgoblins
  12 jackals
  21 kobolds
  6 quokkas
  7 bats
  7 frilled lizards
  A leopard gecko skeleton (D:6)
  A quokka skeleton (D:3)
  19 rats
  A fungus (Lair:4)
  2 plants (Lair:3)
666 creatures vanquished.

Vanquished Creatures (collateral kills)
  A thorn hunter (Swamp:3)
  A hydra (Lair:3)
  A tyrant leech (Swamp:3)
  A briar patch (Swamp:3)
4 creatures vanquished.

Vanquished Creatures (others)
  A hornet (Swamp:4)
  A giant cockroach zombie (D:6)
  3 briar patches (Swamp:3)
  A plant (Lair:2)
6 creatures vanquished.

Grand Total: 676 creatures vanquished

Notes
Turn   | Place    | Note
-------+----------+-------------------------------------------
     0 | D:1      | Flugslaktarn the Deep Dwarf Fighter began the quest for the
                  | Orb.
     0 | D:1      | Reached XP level 1. HP: 20/20 MP: 1/1
   100 | D:1      | Reached XP level 2. HP: 27/27 MP: 2/2
   337 | D:2      | Found a burning altar of Makhleb.
   476 | D:2      | Found a radiant altar of Vehumet.
   553 | D:2      | Reached XP level 3. HP: 29/34 MP: 3/3
   588 | D:3      | Reached skill level 3 in Axes
   751 | D:2      | Became a worshipper of Makhleb the Destroyer
  1086 | D:4      | Reached skill level 1 in Invocations
  1086 | D:4      | Reached XP level 4. HP: 39/42 MP: 4/4
  1138 | D:4      | Found a staircase to the Ecumenical Temple.
  1149 | D:4      | Found an ancient bone altar of Kikubaaqudgha.
  1150 | D:4      | Noticed Menkaure
  1152 | D:4      | Found a basalt altar of Yredelemnul.
  1155 | D:4      | Noticed a hungry ghost
  1169 | D:4      | Noticed Grinder
  1181 | D:4      | Paralysed by Grinder for 3 turns
  1188 | D:4      | Killed Grinder
  1188 | D:4      | Reached skill level 4 in Axes
  1188 | D:4      | Reached XP level 5. HP: 42/49 MP: 4/6
  1188 | D:4      | Reached XP level 6. HP: 48/56 MP: 4/7
  1189 | D:4      | Found a transporter.
  1304 | D:4      | Found a bloodstained altar of Trog.
  1305 | D:4      | Noticed Blork the orc
  1317 | D:4      | Killed Blork the orc
  1334 | D:4      | Found a transporter.
  1363 | D:4      | Noticed Edmund
  1396 | D:4      | Killed Edmund
  1396 | D:4      | Reached skill level 5 in Axes
  1486 | D:4      | Found a shimmering blue altar of Sif Muna.
  1535 | D:4      | Noticed Eustachio
  1560 | D:4      | Reached XP level 7. HP: 24/63 MP: 8/8
  1601 | D:4      | Killed Eustachio
  1601 | D:4      | Reached skill level 5 in Armour
  1826 | D:4      | Killed Menkaure
  1826 | D:4      | Reached skill level 5 in Shields
  1832 | D:4      | Killed a hungry ghost
  1832 | D:4      | Reached skill level 6 in Axes
  1967 | D:4      | Reached * piety under Makhleb
  2013 | D:4      | Reached XP level 8. HP: 46/73 MP: 10/10
  2209 | D:5      | Entered Level 5 of the Dungeon
  2222 | D:5      | Found Vout's Magic Scroll Shop.
  2290 | D:5      | Bought a scroll of identify for 24 gold pieces
  2290 | D:5      | Bought a scroll of enchant armour for 90 gold pieces
  2359 | D:5      | Bought a scroll of magic mapping for 42 gold pieces
  2359 | D:5      | Bought a scroll of immolation for 42 gold pieces
  2432 | D:5      | Found a hazy altar of Hepliaklqana.
  2522 | D:5      | Reached ** piety under Makhleb
  2522 | D:5      | Reached skill level 7 in Axes
  2604 | D:5      | Reached skill level 5 in Invocations
  2682 | D:5      | Found the +2 ratskin cloak {+Rats rPois rN+ Str-1 Int-1
                  | Dex+1}
  3070 | D:6      | Reached skill level 1 in Evocations
  3099 | D:6      | Reached skill level 5 in Fighting
  3351 | D:6      | Reached *** piety under Makhleb
  3356 | D:6      | Gained mutation: You passively map the area around you.
                  | [Deep Dwarf growth]
  3356 | D:6      | Reached XP level 9. HP: 63/81 MP: 10/10
  3587 | D:6      | Reached skill level 8 in Axes
  3951 | D:7      | Noticed Maggie
  3967 | D:7      | Killed Maggie
  4006 | D:7      | Found an ornate altar of the Wu Jian Council.
  4008 | D:7      | Found a shimmering altar of Xom.
  4031 | D:7      | Gained mutation: Scrolls take you a little longer to read.
                  | [mutagenic glow]
  4049 | D:7      | Found a shattered altar of Ashenzari.
  4700 | D:8      | Found a runed translucent door.
  4755 | D:8      | Reached skill level 9 in Axes
  4942 | D:8      | Reached **** piety under Makhleb
  4961 | D:8      | Reached XP level 10. HP: 81/91 MP: 12/12
  5177 | D:8      | Found Qietacie's General Store.
  5185 | D:8      | Bought a scroll of enchant weapon for 112 gold pieces
  5264 | D:8      | Noticed Error4North's ghost (novice HOFi)
  5282 | D:8      | Killed Error4North's ghost
  5304 | D:9      | Found Fasipp's Distillery.
  5337 | D:9      | Bought a potion of curing for 30 gold pieces
  5337 | D:9      | Bought a potion of might for 40 gold pieces
  5360 | D:9      | Found Duxuuqor's Gadget Boutique.
  5376 | D:9      | Found Oderaarch's Antique Weapon Emporium.
  5450 | D:9      | Reached skill level 10 in Axes
  5538 | D:9      | Reached ***** piety under Makhleb
  5611 | D:9      | Found Taymots's Weapon Shoppe.
  5709 | D:9      | Found Ukaghy's Gadget Shop.
  6013 | D:10     | Entered Level 10 of the Dungeon
  6031 | D:10     | Found Xain's Antique Weapon Shoppe.
  6134 | D:10     | Noticed Harold
  6146 | D:10     | Killed Harold
  6287 | D:10     | Reached XP level 11. HP: 89/99 MP: 14/14
  6689 | D:11     | Found Huatuito's Jewellery Shoppe.
  6779 | D:11     | Noticed a skeletal warrior
  6786 | D:11     | Reached skill level 11 in Axes
  6821 | D:11     | HP: 3/100 [skeletal warrior/+0 short sword (6)]
  6831 | D:11     | Killed a skeletal warrior
  6846 | D:11     | Noticed a two-headed ogre
  6852 | D:11     | Killed a two-headed ogre
  6853 | D:11     | HP: 1/100 [gargoyle/stone arrow (24)]
  6878 | D:11     | Reached skill level 5 in Evocations
  6914 | D:11     | Noticed a red ugly thing
  6932 | D:11     | Killed a red ugly thing
  6965 | D:11     | Noticed a two-headed ogre
  6972 | D:11     | Killed a two-headed ogre
  6996 | D:11     | Noticed a two-headed ogre
  7007 | D:11     | Killed a two-headed ogre
  7050 | D:11     | Found a glowing golden altar of the Shining One.
  7113 | D:11     | Found a staircase to the Lair.
  7281 | D:11     | Reached skill level 12 in Axes
  7565 | D:11     | Reached skill level 14 in Axes
  7565 | D:11     | Reached XP level 12. HP: 74/110 MP: 15/15
  7643 | Lair:1   | Entered Level 1 of the Lair of Beasts
  7665 | Lair:1   | Reached skill level 10 in Invocations
  7665 | Lair:1   | Reached XP level 13. HP: 79/117 MP: 16/16
  8545 | Lair:2   | Reached ****** piety under Makhleb
  8545 | Lair:2   | Reached skill level 15 in Axes
  8545 | Lair:2   | Reached skill level 10 in Armour
  9162 | Lair:3   | Reached skill level 10 in Shields
  9303 | Lair:3   | Found a bloodstained altar of Trog.
  9395 | Lair:3   | Found a hole to the Spider Nest.
 10195 | Lair:4   | Found a staircase to the Swamp.
 10559 | D:12     | Noticed Josephine
 10572 | D:12     | Killed Josephine
 11197 | D:12     | Found a staircase to the Orcish Mines.
 11486 | Orc:1    | Entered Level 1 of the Orcish Mines
 11550 | Orc:1    | Gained mutation: You resist negative energy. (rN+) [Deep
                  | Dwarf growth]
 11550 | Orc:1    | Reached XP level 14. HP: 117/129 MP: 18/18
 11723 | Orc:1    | Reached skill level 16 in Axes
 11904 | Orc:2    | Entered Level 2 of the Orcish Mines
 11929 | Orc:2    | Found a staircase to the Elven Halls.
 11962 | Orc:2    | Noticed Urug
 11976 | Orc:2    | Killed Urug
 12001 | Orc:2    | Found a roughly hewn altar of Beogh.
 12237 | Orc:2    | Found Alaff's Distillery.
 12241 | Orc:2    | Found Teemedem's Weapon Shoppe.
 12337 | Orc:2    | Bought a potion of mutation for 112 gold pieces
 12434 | Orc:2    | Found Owki Oki's Magic Scroll Boutique.
 12460 | Orc:2    | Bought a scroll of enchant weapon for 112 gold pieces
 12462 | Orc:2    | Bought a scroll of brand weapon for 300 gold pieces
 12464 | Orc:2    | Bought a scroll of enchant weapon for 112 gold pieces
 12470 | Orc:2    | Found Xucoa's Weapon Shoppe.
 12667 | Orc:2    | Found a roughly hewn altar of Beogh.
 13008 | Swamp:1  | Entered Level 1 of the Swamp
 13086 | Swamp:1  | Paralysed by a hornet for 1 turns
 13162 | Swamp:1  | Noticed a thorn hunter
 13179 | Swamp:1  | Killed a thorn hunter
 13771 | Swamp:2  | Noticed Jorgrun
 13799 | Swamp:2  | Killed Jorgrun
 13813 | Swamp:2  | Noticed Kirke
 13826 | Swamp:2  | Noticed a sphinx
 13841 | Swamp:2  | Killed Kirke
 13841 | Swamp:2  | Reached skill level 17 in Axes
 13871 | Swamp:2  | Identified Roxanne's Grimoire of Transformation
 13871 | Swamp:2  | Noticed Roxanne
 13884 | Swamp:2  | Reached skill level 10 in Fighting
 13903 | Swamp:2  | Killed Roxanne
 13995 | Swamp:2  | Reached XP level 15. HP: 120/138 MP: 17/17
 14086 | Swamp:3  | Noticed a thorn hunter
 14107 | Swamp:3  | Killed a thorn hunter
 14175 | Swamp:3  | Noticed a thorn hunter
 14199 | Swamp:3  | Killed a thorn hunter
 14324 | Swamp:4  | Entered Level 4 of the Swamp
 14325 | Swamp:4  | Lost mutation: Scrolls take you a little longer to read.
                  | [potion of mutation]
 14325 | Swamp:4  | Gained mutation: You are clumsy. (Dex -2) [potion of
                  | mutation]
 14325 | Swamp:4  | Gained mutation: You are robust. (+10% HP) [potion of
                  | mutation]
 14325 | Swamp:4  | Gained mutation: Your flesh is cold resistant. (rC+)
                  | [potion of mutation]
 14325 | Swamp:4  | Gained mutation: You expend magic power (3 MP) to
                  | strengthen your wands. [potion of mutation]
 14590 | Swamp:4  | HP: 4/154 [seven-headed hydra (4)]
 14595 | Swamp:4  | HP: 5/154 [seven-headed hydra (1)]
 14598 | Swamp:4  | Killed from afar by a rime drake

Levels and vault maps discovered:
D:1:      lightli_iron_boxes, layout_basic, lemuel_another_geyser
D:2:      layout_rooms, nicolae_overflow_hidden_temple,
          kennysheep_generic_room_7
D:3:      layout_rooms, first_ration
D:4:      minmay_bubble_buster, layout_loops_corners,
          gammafunk_temple_of_torment, kennysheep_mini_moat,
          minmay_temple_entry_butterflies, minmay_misc_feat_chi, trog_book,
          uniq_eustachio, uniq_edmund, uniq_blork_the_orc, uniq_grinder
D:5:      wander_guarded_unrand_ratskin, layout_basic, lemuel_doored_altar,
          serial_shops, shop_scrolls, uniq_menkaure
D:6:      layout_loops_corners
D:7:      layout_basic, kennysheep_little_box, grunt_temple_overflow_open,
          uniq_maggie
D:8:      layout_loops_ring, serial_shops, shop, ebering_ghost_reflecting_pool
D:9:      layout_basic, serial_shops, shop, nicolae_shop_statue_plus, shop,
          shop, nicolae_shop_waterfront, grunt_pizzeria
D:10:     layout_stronghold, serial_shops, shop, uniq_harold
D:11:     minmay_cut_squares, layout_gridville, david_lair_generic, basic_altar,
          serial_shops, shop_coins
D:12:     layout_layer_cave, orc_0_dummy, uniq_josephine
Lair:1:   layout_gridlike, nicolae_volcano_entry_batcave
Lair:2:   layout_chaotic_city, columned_hall_lemuel, serial_bayou_pond_c,
          infiniplex_staircase_pool_2
Lair:3:   lemuel_slime, layout_concentric_octagons, spider_nest_entry_webs,
          basic_altar
Lair:4:   layout_cave_pods, skrybe_swamp_entry_bodies
Swamp:1:  layout_falls_marsh, evilmike_swamp_ruin_house_4, swamp_pool3
Swamp:2:  layout_basic_swamp, gammafunk_ghost_abyssal_escape,
          infiniplex_staircase_pool, uniq_roxanne, uniq_jorgrun, uniq_kirke
Swamp:3:  layout_falls_marsh, hangedman_swamp_blocks, grunt_hermit_hut
Swamp:4:  swamp_alternative, layout_basic_swamp, swamp_pool3
Orc:1:    layout_diamond_mine, serial_shops,
          nicolae_shop_temple_entry_statues_fountains
Orc:2:    st_orc_town, layout_diamond_mine, mines1_david, uniq_urug

Skill      XL: |  1  2  3  4  5  6  7  8  9 10 11 12 13 14 15 |
---------------+----------------------------------------------+-----
Fighting       | 3 4 5 6 7 9 10 | 10.5
Axes           | 3 4 5 6 7 9 10 14 15 17 | 17.8
Invocations    | 1 2 3 4 5 7 8 9 10 11 12 13 | 13.5
Armour         | 4 5 6 7 8 9 10 11 12 | 12.2
Shields        | 4 5 6 7 8 9 10 11 12 | 12.3
Evocations     | 2 4 5 |  5.0

Action                   |  1- 3 |  4- 6 |  7- 9 | 10-12 | 13-15 || total
-------------------------+-------+-------+-------+-------+-------++-------
Melee: War axe           |   149 |    72 |   334 |       |       ||   555
       Broad axe         |       |       |    97 |   420 |  1070 ||  1587
Invok: Lesser Servant of |       |       |       |     1 |     5 ||     6
 Abil: Heal Wounds       |     1 |     2 |     8 |     9 |    24 ||    44
Evoke: Wand              |       |       |       |     1 |    10 ||    11
  Use: Potion            |       |     1 |       |     1 |     1 ||     3
       Scroll            |       |       |    16 |     9 |    11 ||    36
 Stab: Distracted        |       |       |       |       |     1 ||     1
  Eat: Chunk             |     1 |     2 |    12 |    11 |    23 ||    49
       Ration            |       |       |     1 |       |       ||     1
Armor: Scale mail        |    72 |    36 |    82 |       |       ||   190
       Plate armour      |       |       |   107 |   214 |   278 ||   599
       Chain mail        |       |       |       |       |   317 ||   317
Dodge: Dodged            |    54 |    24 |    85 |    75 |   295 ||   533
Block: Kite shield       |    79 |    39 |   223 |   278 |   729 ||  1348

Table legend:
 A = Non-vault XP
 B = Vault XP
 C = Vault XP percentage of total XP
 D = Non-vault monster count
 E = Vault monster count
 F = Vault count percentage of total count
                 A         B        C        D         E       F
            +---------+---------+-------+---------+---------+-------
      Total |   72684 |   41522 |  36.4 |     517 |     150 |  22.5
            +---------+---------+-------+---------+---------+-------
        D:1 |      26 |       0 |   0.0 |      14 |       0 |   0.0
        D:2 |      15 |       0 |   0.0 |      10 |       0 |   0.0
        D:3 |      47 |       0 |   0.0 |      27 |       0 |   0.0
        D:4 |     155 |    1274 |  89.2 |      11 |      17 |  60.7
        D:5 |     540 |     129 |  19.3 |      24 |      21 |  46.7
        D:6 |    1418 |       0 |   0.0 |      40 |       0 |   0.0
        D:7 |     757 |     395 |  34.3 |      18 |       1 |   5.3
        D:8 |    1165 |     875 |  42.9 |      18 |       1 |   5.3
        D:9 |    2009 |     182 |   8.3 |      34 |       1 |   2.9
       D:10 |    1910 |     965 |  33.6 |      28 |       1 |   3.4
       D:11 |    5398 |    4363 |  44.7 |      34 |      12 |  26.1
       D:12 |    2891 |    2160 |  42.8 |      29 |       6 |  17.1
     Lair:1 |    4072 |     609 |  13.0 |      21 |       3 |  12.5
     Lair:2 |    5751 |       0 |   0.0 |      19 |       0 |   0.0
     Lair:3 |    3610 |     220 |   5.7 |      16 |       1 |   5.9
     Lair:4 |    5860 |     426 |   6.8 |      25 |       2 |   7.4
    Swamp:1 |   13181 |       0 |   0.0 |      30 |       0 |   0.0
    Swamp:2 |    3520 |    7939 |  69.3 |      14 |       9 |  39.1
    Swamp:3 |   10473 |       0 |   0.0 |      27 |       0 |   0.0
    Swamp:4 |    2937 |   13551 |  82.2 |      10 |      19 |  65.5
      Orc:1 |    5504 |       0 |   0.0 |      51 |       0 |   0.0
      Orc:2 |    1445 |    8434 |  85.4 |      17 |      56 |  76.7
            +---------+---------+-------+---------+---------+-------
